 Dungeon Crawl Stone Soup version 0.30-a0-760-g5a9884bb7c (webtiles) character file.

Game seed: 16928459159632246840

844 Dittersdorf the Covered (level 8, -8/51 HPs)
             Began as a Gargoyle Fighter on Feb 10, 2023.
             Was a Follower of Okawaru.
             Splashed by a jelly's acid (9 damage)
             ... on level 4 of the Dungeon.
             The game lasted 00:07:58 (4885 turns).

Dittersdorf the Covered (Gargoyle Fighter)          Turns: 4885, Time: 00:07:59

Health: -8/51      AC: -2    Str: 23    XL:     8   Next: 0%
Magic:  8/8        EV:  7    Int:  8    God:    Okawaru [*.....]
Gold:   282        SH: 10    Dex:  9    Spells: 7/7 levels left

rFire   . . .      SeeInvis .    a - +0 flail
rCold   . . .      Faith    .    c - +0 buckler
rNeg    + . .      Spirit   .    k - +0 chain mail
rPois   ∞          Reflect  +    i - +1 helmet
rElec   +          Harm     .    (no cloak)
rCorr   .          Rampage  .    (no gloves)
Will    +....                    (no boots) Stlth
                                 q - amulet of reflection
HPRegen 0.28/turn                n - ring of willpower
MPRegen 0.11/turn                (no ring)

@: corroded, invisible
A: sickness immunity, AC +5, negative energy resistance 1, electricity
resistance, torment resistance 1, petrification resistance
a: Renounce Religion, Heroism


You were on level 4 of the Dungeon.
You worshipped Okawaru.
Okawaru was aware of your devotion.
You visited 2 branches of the dungeon, and saw 8 of its levels.
You also visited: Sewer.

You collected 282 gold pieces.

Inventory:

Hand Weapons
 a - a +0 flail (weapon)
Missiles
 g - 11 poisoned darts (quivered)
Armour
 c - a +0 buckler (worn)
 i - a +1 helmet (worn)
 k - a +0 chain mail (worn)
Jewellery
 n - a ring of willpower (left hand)
 q - an amulet of reflection (around neck)
Wands
 p - a wand of digging (4)
Scrolls
 f - 3 scrolls of teleportation
 l - 2 scrolls of fear
 s - a scroll of identify
Potions
 b - a potion of haste
 d - a potion of might
 e - 2 potions of flight
 h - 4 potions of curing
 j - a potion of brilliance
 m - a potion of heal wounds
 r - a potion of mutation


   Skills:
 + Level 5.7 Fighting
 + Level 4.7 Maces & Flails
 + Level 5.8 Armour
 + Level 5.8 Shields


You had 7 spell levels left.
You didn't know any spells.
Your spell library contained the following spells:

 Spells                   Type           Power      Damage    Failure   Level
 Ignite Poison            Fire/Tmut/Pois 0%         N/A       100%        3
 Portal Projectile        Hex/Tloc       0%         N/A       100%        3
 Sticky Flame             Conj/Fire      0%         2d3       100%        4
 Blade Hands              Tmut           0%         N/A       100%        5
 Ignition                 Fire           0%         3d3       100%        8
 Tukima's Dance           Hex            Unusable   N/A       N/A         3

Dungeon Overview and Level Annotations

Branches:
Dungeon (7/15)             Temple (1/1) D:7           Sewer (visited)

Altars:
Gozag
Hepliaklqana
Kikubaaqudgha
Okawaru
Wu Jian
Xom
Zin
The Shining One

Shops:
D:3 =

Annotations:
D:5 1 transporter


Innate Abilities, Weirdness & Mutations

You are immune to sickness and miasma.
Your stone body is resilient. (AC +5)
You are immune to poison.
You resist negative energy. (rN+)
You are resistant to electric shocks. (rElec)
You are resistant to unholy torment.
You are immune to petrification.


Message History

You block the jelly's attack.
You hit the jelly but do no damage. The acid corrodes you!
Your hands burn!
The jelly is moderately wounded.
The jelly hits you but does no damage.
You hit the jelly but do no damage. The acid corrodes you!
Your hands burn!
The jelly is lightly wounded.
The jelly hits you.
You are splashed with acid.
You hear a zap.
You hear a grinding noise.
The jelly barely misses you.
You barely miss the jelly.
The jelly is lightly wounded.
The jelly hits you. The acid corrodes you!
You are splashed with acid!
You hit the jelly but do no damage. The acid corrodes you!
Your hands burn!
The jelly is lightly wounded.
The jelly hits you.
You are splashed with acid.
* * * LOW HITPOINT WARNING * * *
You are too injured to fight recklessly!
You are too injured to fight recklessly!
You are too injured to fight recklessly!
You are too injured to fight recklessly!
You are too injured to fight recklessly!
You hear a zap.
You hear a grinding noise.
You hear a zap.
You hear a grinding noise.
The jelly attacks as you move away! You block the jelly's attack.
There is a stone staircase leading up here.
You hit the jelly but do no damage.
Your hands burn!
* * * LOW HITPOINT WARNING * * *
The jelly is lightly wounded.
The jelly hits you.
* * * LOW HITPOINT WARNING * * *
You are splashed with acid!
* * * LOW HITPOINT WARNING * * *
You block the jelly's attack.
You climb upwards.
There is a stone staircase leading down here.
You fade into invisibility!
The jelly hits you.
* * * LOW HITPOINT WARNING * * *
You are splashed with acid!
You die...

.##.### #....#
###...## #..
.#..# #....#
###....## ##.
.#.##
#....###.....##
#. )#.#
#...........##
#. ...#
#.........###
#. ####
#####...### #.
#..).####### #.
#..........# #.
#......J@..# #.
############ #.
#. #. ##


You could see a jelly.

Vanquished Creatures
  Menkaure (D:4)
  Pargi (Sewer)
  A black bear (D:4)
  A necrophage (D:4)
  3 hounds
  4 orc priests
  2 iguanas
  An orc wizard (D:6)
  3 gnolls
  4 adders
  A river rat (D:3)
  An ufetubus (D:4)
  6 worms
  4 dart slugs
  9 orcs
  6 endoplasms
  4 giant cockroaches
  6 goblins
  10 hobgoblins
  4 kobolds
  7 quokkas
  10 ball pythons
  8 bats
  2 frilled lizards (D:2)
  7 rats
106 creatures vanquished.

Vanquished Creatures (others)
  A kobold (D:3)
  7 plants (D:3)
8 creatures vanquished.

Grand Total: 114 creatures vanquished

Notes
Turn   | Place    | Note
-------+----------+-------------------------------------------
     0 | D:1      | Dittersdorf the Gargoyle Fighter began the quest for the
                  | Orb.
     0 | D:1      | Reached XP level 1. HP: 14/14 MP: 1/1
   170 | D:1      | Reached XP level 2. HP: 19/19 MP: 2/2
   266 | D:1      | Found a faded altar of an unknown god.
   895 | D:1      | Reached XP level 3. HP: 15/23 MP: 3/3
  1203 | D:2      | Reached XP level 4. HP: 29/29 MP: 4/4
  1745 | D:2      | Found an ancient bone altar of Kikubaaqudgha.
  2034 | D:3      | Reached XP level 5. HP: 30/33 MP: 5/5
  2083 | D:3      | Found a glowing drain.
  2090 | Sewer    | Entered a sewer
  2150 | Sewer    | Noticed Pargi
  2182 | Sewer    | Killed Pargi
  2183 | Sewer    | Reached XP level 6. HP: 31/39 MP: 6/6
  2315 | D:3      | Found a faded altar of an unknown god.
  2402 | D:3      | Found a hazy altar of Hepliaklqana.
  2683 | D:3      | Found Humuh's Jewellery Shoppe.
  3043 | D:3      | Found a shimmering altar of Xom.
  3045 | D:3      | Found a glowing silver altar of Zin.
  3045 | D:3      | Found a shimmering altar of Xom.
  3047 | D:3      | Found an ornate altar of the Wu Jian Council.
  3047 | D:3      | Found a glowing golden altar of the Shining One.
  3047 | D:3      | Found an opulent altar of Gozag.
  3508 | D:4      | Noticed Menkaure
  3515 | D:4      | Killed Menkaure
  3516 | D:4      | Reached skill level 5 in Fighting
  3516 | D:4      | Reached skill level 5 in Armour
  3516 | D:4      | Reached skill level 5 in Shields
  3516 | D:4      | Reached XP level 7. HP: 34/44 MP: 7/7
  3553 | D:3      | Found an iron altar of Okawaru.
  3559 | D:3      | Became a worshipper of Warmaster Okawaru
  3584 | D:4      | You fall into a shaft and drop 3 floors!
  3585 | D:7      | yay!
  3597 | D:7      | Found a staircase to the Ecumenical Temple.
  3601 | Temple   | Entered the Ecumenical Temple
  4071 | D:5      | Entered Level 5 of the Dungeon
  4601 | D:4      | Reached * piety under Okawaru
  4760 | D:4      | Reached XP level 8. HP: 51/51 MP: 8/8
  4860 | D:5      | Found a transporter.
  4882 | D:5      | HP: 1/51 [acid (10)]
  4885 | D:4      | Splashed by a jelly's acid

Illustrated notes

. #######....
#..@....#
......#####.#
.##.. ##


Turn 3585 on D:7: yay!

Levels and vault maps discovered:
D:1:      dpeg_arrival_signposts, layout_basic,
          chequers_ecumenical_altar_island, corexii_corridor_pit,
          minmay_tromino_mix6
D:2:      layout_loops_ring, basic_altar, minivault_23,
          amcnicky_mini_pool_small, grunt_ministairs_3
D:3:      wad_woods_stonehenge, layout_basic, doesnt_xom_only_xom,
          nicolae_overflow_ecumenical_swirl, lightli_sewer_entry_pipes,
          serial_shops, nicolae_shop_statue_plus
D:4:      layout_rooms, serial_curves, eino_curves_01, eino_curves_01,
          eino_curves_03, st_stairs_12, minivault_23, uniq_menkaure
D:5:      layout_gridville, nicolae_wu_jian_immortal_techniques,
          gammafunk_ghost_abyssal_escape, minmay_misc_feat_secret_circle,
          uniq_ijyb
D:6:      layout_layer_cave, uniq_maggie
D:7:      layout_basic, minmay_temple_entry_ruins, serial_shops,
          nicolae_shop_trees, nicolae_shop_temple_entry_statues_fountains,
          nicolae_shop_behind_doors, nicolae_shop_window_shopping, shop,
          uniq_crazy_yiuf_cottage, uniq_duvessa, uniq_prince_ribbit1
Temple:   regret_index_temple_waves

Skill      XL: |  1  2  3  4  5  6 |
---------------+-------------------+-----
Shields        | 4 5 |  5.8
Armour         | 4 5 |  5.8
Fighting       | 4 5 |  5.7
Maces & Flails | 3 4 |  4.7

Action                     |  1- 3 |  4- 6 |  7- 9 || total
---------------------------+-------+-------+-------++-------
  Melee: Flail             |    68 |   267 |   148 ||   483
    Use: Scroll            |       |     7 |     6 ||    13
         Potion            |       |     1 |     1 ||     2
 Armour: Scale mail        |    11 |       |       ||    11
         Chain mail        |    30 |   212 |    91 ||   333
  Dodge: Dodged            |    24 |   116 |    48 ||   188
  Block: Buckler           |    13 |    95 |    70 ||   178
         Reflection        |       |     2 |     1 ||     3

Table legend: (Time is in decaauts)
 A = Elapsed time spent in this place.
 B = Non-inter-level travel time spent in this place.
 C = Inter-level travel time spent in this place.
 D = Time resting spent in this place.
 E = Time spent auto-exploring this place.
 F = Levels seen in this place.
 G = Mean time per level.
                   A        B        C        D        E       F      G
               +--------+--------+--------+--------+--------+-----+--------+
         Total |   5074 |   4854 |    220 |    453 |   3158 |   9 |  563.8 |
       Dungeon |   4919 |   4699 |    220 |    418 |   3145 |   7 |  702.7 |
        Temple |      1 |      1 |      0 |      0 |      0 |   1 |    1.0 |
         Sewer |    153 |    153 |      0 |     35 |     13 |   1 |  153.0 |
               +--------+--------+--------+--------+--------+-----+--------+

Top non-repeatable levels by time:
     D:3: 1298 daAuts
     D:1: 1259 daAuts
     D:2: 967 daAuts
     D:4: 718 daAuts
     D:6: 388 daAuts
     D:5: 172 daAuts
   Sewer: 153 daAuts
     D:7: 114 daAuts
  Temple: 1 daAuts
